AoeStats
← Schantiiniiii

MegaRandom

506922247Analyzed
4v4 RM · 16d ago on Sep 15, 2026· 44m 12s· 8 players
Game mode
Random Map
Map size
Large (8 player)
Population
200
Speed
Normal
Resources
Standard
Victory
Conquest
Starting age
Dark Age
Ending age
Imperial Age
RankedLock teamsTeams togetherTeam positionsShared explorationLock speedFull tech treeHidden civsTurbo modeCheats
Victory
Defeat
🇳🇱 Turks · Netherlands
1641
+14
🇳🇱 Malay · Netherlands
1637
+14
🇨🇿 Aztecs · Czechia
1615
+15
🇨🇿 Maya · Czechia
1543
+18
🇩🇪 Dravidians · Germany
1689
-19
🇨🇭 Magyars · Switzerland
1667
-18
🇫🇷 Koreans · France
1580
-15
🇩🇪 Tupi · Germany
1423
-9
{ BP } Käpt`n Iglo
8:02 Loom
10:37 Feudal Age
11:06 Double-Bit Axe
14:52 Wheelbarrow
17:48 Castle Age
16:06 Fletching
17:23 Horse Collar
18:31 Bodkin Arrow
21:45 Crossbowman
28:02 Bow Saw
28:57 Ballistics
39:44 Imperial Age
37:39 Heavy Plow
37:47 Town Watch
38:50 Town Watch
42:34 Imperial Age
43:52 Fishing Lines
twitch.tv/gliedi69
2:57 Loom
11:18 Feudal Age
11:54 Double-Bit Axe
14:34 Fletching
22:08 Castle Age
22:13 Crossbowman
22:53 Bodkin Arrow
24:52 Gold Mining
26:24 Ballistics
26:50 Wheelbarrow
28:32 Thumb Ring
29:21 Hand Cart
36:12 Imperial Age
34:51 Town Watch
36:13 Bow Saw
36:44 Stone Mining
36:16 Arbalester
36:57 Bracer
38:06 Chemistry
36:59 Elite Skirmisher
39:14 Conscription
41:59 Squires
43:18 Pikeman
GlorysDarkSide
5:38 Loom
11:00 Feudal Age
11:07 Loom
16:21 Castle Age
15:11 Stone Mining
15:09 Double-Bit Axe
15:50 Horse Collar
16:02 Gold Mining
16:04 Stone Mining
16:10 Stone Mining
17:40 Fletching
18:08 Town Watch
20:19 Bodkin Arrow
21:23 Padded Archer Armor
24:35 Leather Archer Armor
26:02 Wheelbarrow
38:03 Imperial Age
36:49 Bow Saw
38:43 Bracer
39:46 Chemistry
39:07 Ballistics
38:45 Elite Blackwood Archer
41:01 Curare
43:40 Ring Archer Armor
Schantiiniiii
7:57 Loom
10:34 Feudal Age
12:42 Town Watch
15:17 Castle Age
14:43 Double-Bit Axe
20:57 Scale Barding Armor
21:23 Horse Collar
24:54 Chain Barding Armor
25:48 Bloodlines
27:06 Wheelbarrow
32:10 Husbandry
32:19 Heavy Plow
32:38 Bow Saw
34:45 Gold Mining
41:16 Imperial Age
39:18 Masonry
39:16 Fletching
41:31 Cavalier
43:29 Plate Barding Armor
Franczesco
9:17 Loom
11:53 Feudal Age
13:39 Gold Mining
16:38 Castle Age
15:35 Horse Collar
15:41 Double-Bit Axe
17:05 Fletching
16:48 Crossbowman
18:20 Bodkin Arrow
23:45 Ballistics
24:15 Padded Archer Armor
26:01 Leather Archer Armor
27:54 Wheelbarrow
33:48 Imperial Age
31:53 Bow Saw
32:42 Town Watch
34:02 Stone Mining
34:29 Bracer
35:31 Chemistry
33:53 Arbalester
36:49 Stone Shaft Mining
36:59 Hand Cart
37:56 Treadmill Crane
37:58 Elite Skirmisher
41:28 Atlatl
43:44 Siege Engineers
44:15 Conscription
iThink
5:59 Loom
10:32 Feudal Age
11:52 Loom
17:08 Castle Age
15:26 Gold Mining
15:34 Horse Collar
15:41 Double-Bit Axe
18:20 Bow Saw
27:00 Bloodlines
27:21 Coinage
28:03 Scale Barding Armor
29:38 Chain Barding Armor
30:36 Forging
36:11 Imperial Age
34:56 Iron Casting
36:32 Cavalier
38:17 Plate Barding Armor
38:43 Gold Shaft Mining
38:13 Husbandry
39:14 Blast Furnace
41:11 Wheelbarrow
40:22 Town Watch
Sir Godua
10:02 Feudal Age
11:21 Double-Bit Axe
11:36 Gold Mining
14:54 Fletching
15:05 Padded Archer Armor
15:05 Loom
18:06 Scale Mail Armor
22:49 Horse Collar
24:45 Wheelbarrow
28:26 Castle Age
36:38 Bow Saw
38:33 Heavy Plow
40:21 Hand Cart
39:57 Fishing Lines
43:56 Imperial Age
41:43 Bodkin Arrow
42:04 Leather Archer Armor
41:10 Elite Skirmisher
41:56 Thumb Ring
42:26 Ballistics
42:00 Crossbowman
42:58 Chain Mail Armor
42:45 Squires
42:05 Eagle Warrior
Glokken
7:47 Loom
12:15 Feudal Age
12:45 Feudal Age
16:02 Castle Age
14:46 Double-Bit Axe
15:28 Crossbowman
17:13 Bow Saw
16:36 Crossbowman
18:10 Horse Collar
22:35 Fletching
23:14 Bodkin Arrow
25:06 Ballistics
24:51 Padded Archer Armor
26:37 Leather Archer Armor
26:45 Thumb Ring
27:24 Wheelbarrow
26:50 Gold Mining
33:09 Imperial Age
31:00 Hand Cart
30:41 Town Watch
32:23 Gold Shaft Mining
31:39 Stone Mining
31:59 Arbalester
32:39 Bracer
33:41 Chemistry
35:44 Ring Archer Armor
35:46 Coinage
36:54 Stone Shaft Mining
37:15 Siege Engineers
37:48 Banking
39:23 Conscription
Connection lost

Rejoining the realm…

Still unreachable

The connection could not be restored.

Session expired

The server has moved on; the page needs a fresh start.